 Dungeon Crawl Stone Soup version 0.29.0-4-gdea44cf6ec (webtiles) character file.

Game seed: 10308598299777811673

7 qw the Sneak (level 1, -9/10 HPs)
             Began as a Felid Delver on Aug 27, 2022.
             Mangled by Eustachio
             ... wielding a +3 falchion of holy wrath
              (12 damage)
             ... on level 4 of the Dungeon.
             The game lasted 00:00:02 (646 turns).

qw the Sneak (Felid Delver)                          Turns: 646, Time: 00:00:02

Health: -9/10      AC:  1    Str:  8    XL:     1   Next: 83%
Magic:  2/2        EV: 17    Int: 11    God:
Gold:   42         SH:  0    Dex: 17    Spells: 0/0 levels left
                                        Lives:  0   Deaths: 0

rFire   . . .      SeeInvis +     - Unarmed
rCold   . . .      Faith    .   (shield unavailable)
rNeg    . . .      Spirit   .   (body armour unavailable)
rPois   .          Reflect  .   (helmet unavailable)
rElec   .          Harm     .   (cloak unavailable)
rCorr   .          Rampage  .   (gloves unavailable)
Will    .....                   (boots unavailable)
Stlth   +++.......              (no amulet)
HPRegen 0.03/turn               (no ring)
MPRegen 0.08/turn               (no ring)

@: quick
A: very small, claws 1, fangs 3, see invisible, speed 1, shaggy fur 1, stealthy
paws, no weapons or thrown items, no armour, multi-lived
a: no special abilities


You were on level 4 of the Dungeon.
You visited 1 branch of the dungeon, and saw 2 of its levels.

You collected 42 gold pieces.


Innate Abilities, Weirdness & Mutations

You have sharp claws.
You have razor-sharp teeth.
You have supernaturally acute eyesight. (SInv)
You cover ground quickly. (Speed+)
You are covered in fur. (AC +1)
Your paws help you pounce on unaware monsters.
You are incapable of wielding weapons or throwing items.
You cannot wear armour.
You gain extra lives every three experience levels.


   Skills:
 - Level 3.0 Fighting
 - Level 2.6 Dodging
 - Level 6.6 Stealth
 + Level 2.6 Unarmed Combat


You couldn't memorise any spells.
You didn't know any spells.
Your spell library was empty.

Inventory:

Wands
 e - a wand of digging (3)
Scrolls
 c - a scroll of amnesia {unknown}
Potions
 a - 2 potions of flight {unknown}
 b - 2 potions of attraction {unknown}
 d - a potion of haste

Dungeon Overview and Level Annotations

Branches:
Dungeon (5/15)
 Temple: D:4-7

Altars:

Annotations:
D:4 Eustachio


Message History

Eustachio blinks!
Eustachio is nearby!
Eustachio mumbles some strange words.
Eustachio blinks!
Eustachio brags, "I can call spirits from the vasty deep."
Eustachio gestures wildly while chanting.
Eustachio blinks!
Eustachio casts a spell.
Eustachio blinks!
You closely miss Eustachio. Your bite misses Eustachio.
You barely miss Eustachio. Eustachio barely misses you.
You completely miss Eustachio. You bite Eustachio.
Eustachio is lightly wounded.
Eustachio closely misses you.
You barely miss Eustachio. You bite Eustachio.
Eustachio is lightly wounded.
Eustachio screams, "At last I'll have my revenge!"
Eustachio hits you but does no damage.
You scratch Eustachio but do no damage.
Eustachio is lightly wounded.
Eustachio mumbles some strange words.
You closely miss Eustachio.
Eustachio is lightly wounded.
Eustachio closely misses you.
You scratch Eustachio but do no damage.
Eustachio is lightly wounded.
Eustachio mumbles some strange words.
You scratch Eustachio. You bite Eustachio, but do no damage.
Eustachio is lightly wounded.
Eustachio hits you with a +3 falchion of holy wrath!
Ouch! That really hurt!
You scratch Eustachio. Your bite misses Eustachio.
Eustachio is moderately wounded.
Eustachio barely misses you.
You scratch Eustachio. You bite Eustachio.
Eustachio is heavily wounded.
Eustachio hits you with a +3 falchion of holy wrath!
Ouch! That really hurt!
You die...

#.# ########## #.#
... #.# #.. #.#
#.# #.# ###
#.##### #.# ....
#..... #.# .....
#/#.# #.#
.....b######...#
#.# #r@@.....# #.#
####.###.# #.#
#.....# #.#
#####.# #.# #.#
#.##############.#
#................#
##################


You could see Eustachio, a quokka (summoned) and a bat (summoned).

Vanquished Creatures
  An orc (D:4)
  An endoplasm (D:4)
  A goblin (D:4)
  2 kobolds (D:4)
5 creatures vanquished.

Notes
Turn   | Place    | Note
-------+----------+-------------------------------------------
     0 | D:5      | qw the Felid Delver began the quest for the Orb.
     0 | D:5      | Reached XP level 1. HP: 10/10 MP: 2/2
     0 | D:5      | 0 ||| qw: Version: 0.1-a-89-g26bdef1
     0 | D:5      | 0 ||| qw: Game counter: 123
     0 | D:5      | 0 ||| qw: Always use a shield: true
     0 | D:5      | 0 ||| qw: God list: Okawaru, Trog
     0 | D:5      | 0 ||| qw: Allow faded altars: false
     0 | D:5      | 0 ||| qw: Do Orc after D:15 true
     0 | D:5      | 0 ||| qw: Do second Lair branch before Depths: true
     0 | D:5      | 0 ||| qw: Lair rune preference: random
     0 | D:5      | 0 ||| qw: Plans: Normal
     0 | D:5      | 0 ||| PLANNING D:1-11
     0 | D:5      | 0 ||| DROPPING scroll of fog.
     1 | D:5      | 1 ||| DROPPING scroll of magic mapping.
     2 | D:5      | 2 ||| DROPPING scroll of fear.
   154 | D:4      | HP: 1/10 [orc/+0 hand axe (3)]
   616 | D:4      | Noticed Eustachio
   646 | D:4      | Mangled by Eustachio

Levels and vault maps discovered:
D:4:      layout_basic, yredelemnul_forgotten_temple_becter,
          general_overflow_altar, minivault_26, uniq_eustachio
D:5:      layout_cave_pools, kennysheep_little_box,
          lemuel_coloured_pillars_altar, nicolae_wu_jian_wuxing_cycle,
          columned_hall_lemuel

Action                   || total
-------------------------++-------
Melee: Unarmed           ||    31
       Bite              ||     4
 Stab: Sleeping          ||     1
Armor: Skin              ||     2
Dodge: Dodged            ||    15

Table legend:
 A = Non-vault XP
 B = Vault XP
 C = Vault XP percentage of total XP
 D = Non-vault monster count
 E = Vault monster count
 F = Vault count percentage of total count
                 A         B        C        D         E       F
            +---------+---------+-------+---------+---------+-------
      Total |      10 |       0 |   0.0 |       5 |       0 |   0.0
            +---------+---------+-------+---------+---------+-------
        D:4 |      10 |       0 |   0.0 |       5 |       0 |   0.0
            +---------+---------+-------+---------+---------+-------
